 Dungeon Crawl Stone Soup version 0.25.1-2-g60ff931df9 (webtiles) character file.

Game seed: 16955630975252214369

68 H0rd4k the Magician (level 4, -1/24 HPs)
             Began as a Deep Elf Wizard on Nov 2, 2020.
             Slain by an orc wizard
             ... wielding a +0 dagger
              (2 damage)
             ... on level 3 of the Dungeon.
             The game lasted 00:04:10 (2198 turns).

H0rd4k the Magician (Deep Elf Wizard)               Turns: 2198, Time: 00:04:11

Health: -1/24      AC:  2    Str:  4    XL:     4   Next: 1%
Magic:  3/13       EV: 13    Int: 24    God:
Gold:   88         SH:  0    Dex: 13    Spells: 5/14 levels left

rFire    . . .     SeeInvis .   c - +1 dagger (venom)
rCold    . . .     Gourm    .   (no shield)
rNeg     . . .     Faith    .   a - +0 robe
rPois    .         Spirit   .   b - +0 hat
rElec    .         Reflect  .   (no cloak)
rCorr    .         Harm     .   (no gloves)
MR       .....                  (no boots)
Stlth    +.........             i - amulet of regeneration
HPRegen  0.48/turn              m - ring of attention (curse)
MPRegen  0.13/turn              (no ring)

@: no status effects
A: no striking features
a: no special abilities


You were on level 3 of the Dungeon.
You were hungry.

You visited 1 branch of the dungeon, and saw 3 of its levels.

You collected 88 gold pieces.

Inventory:

Hand Weapons
 c - a +1 dagger of venom (weapon)
Armour
 a - a +0 robe (worn)
 b - a +0 hat (worn)
Jewellery
 i - an amulet of regeneration (around neck)
 m - a cursed ring of attention (left hand)
Wands
 j - a wand of polymorph (8)
 k - a wand of disintegration (14)
 o - a wand of digging (8)
Scrolls
 e - 5 scrolls of identify {unknown}
 f - 4 scrolls of teleportation {unknown}
Potions
 g - a potion of heal wounds {unknown}
 h - a potion of degeneration {unknown}
 l - a potion of magic {unknown}
 n - a potion of lignification {unknown}
 p - a potion of mutation {unknown}
 q - a potion of haste {unknown}
 r - a potion of ambrosia {unknown}
Comestibles
 d - 6 rations


   Skills:
 + Level 2.6 Dodging
 + Level 2.7 Stealth
 + Level 5.9 Spellcasting
 + Level 1.8 Conjurations
   Level 1.1 Summonings
 + Level 1.1 Translocations
 * Level 0.7 Fire Magic
 * Level 0.4 Air Magic
 * Level 0.2 Poison Magic


You had 5 spell levels left.
You knew the following spells:

 Your Spells              Type           Power        Failure   Level  Hunger
a - Magic Dart            Conj           ###.         3%          1    None
b - Blink                 Tloc           N/A          8%          2    None
c - Conjure Flame         Conj/Fire      ##......     14%         3    #......
d - Mephitic Cloud        Conj/Pois/Air  ##......     17%         3    #......

Your spell library contained the following spells:

 Spells                   Type           Power        Failure   Level  Hunger
 Summon Small Mammal      Summ           ##..         4%          1    None
 Call Imp                 Summ           ##......     8%          2    None
 Slow                     Hex            #.......     12%         2    None
 Call Canine Familiar     Summ           ##......     16%         3    #......
 Summon Guardian Golem    Hex/Summ       #.......     19%         3    #......
 Summon Lightning Spire   Summ/Air       ##......     52%         4    ###....
 Summon Ice Beast         Ice/Summ       #.......     54%         4    ###....


Dungeon Overview and Level Annotations

Branches:
Dungeon (3/15)

Altars:
Ashenzari


Message History

Confirm with . or Enter, or press ? or * to list all spells.
Aiming: Magic Dart (safe; 3% risk of failure)
Press: ? - help, Shift-Dir - straight line, f/p - orc wizard
Aim: an orc wizard, wielding a +0 dagger and wearing a +0 robe (moderately wounded, fast)
The magic dart hits the orc wizard.
The orc wizard is severely wounded.
The orc wizard barely misses you.
Casting: Magic Dart (safe; 3% risk of failure)
Confirm with . or Enter, or press ? or * to list all spells.
Aiming: Magic Dart (safe; 3% risk of failure)
Press: ? - help, Shift-Dir - straight line, f/p - orc wizard
Aim: an orc wizard, wielding a +0 dagger and wearing a +0 robe (moderately wounded, fast)
The magic dart hits the orc wizard.
The orc wizard is almost dead.
The orc wizard gestures at you while chanting.
The puff of frost hits you!
Ouch! That really hurt!
* * * LOW HITPOINT WARNING * * *
The orc wizard hits you with a +0 dagger.
You die...

.#.................####.#
.#.......##########.....#
.'.......### ###.#####
.#.......##. #.......#
.#.......##o #.......#
.#.......##o
#.......######
.##.#######.
#.....####.....# ###.#
#.########...#.###.# ###
#..ooo@....#.#.#.#
#########..#.#.(.#
#......#.# #.##.#.#.#
#.##.#.#.# #.##.#.#.#
.......#.# ####.###.# #..
.#


You could see 2 orc wizards and an orc.

Vanquished Creatures
  An adder (D:3)
  An ooze (D:1)
  A worm (D:3)
  A leopard gecko (D:1)
  2 orcs (D:3)
  3 bats (D:1)
  11 goblins
  7 hobgoblins
  7 kobolds
  3 frilled lizards
  8 rats
45 creatures vanquished.

Notes
Turn   | Place    | Note
-------+----------+-------------------------------------------
     0 | D:1      | H0rd4k the Deep Elf Wizard began the quest for the Orb.
     0 | D:1      | Reached XP level 1. HP: 10/10 MP: 7/7
   124 | D:1      | Reached skill level 5 in Spellcasting
   207 | D:1      | Reached XP level 2. HP: 15/15 MP: 8/10
   594 | D:1      | Reached XP level 3. HP: 14/19 MP: 0/12
   598 | D:1      | Learned a level 2 spell: Blink
   602 | D:1      | Learned a level 3 spell: Conjure Flame
   606 | D:1      | Learned a level 3 spell: Mephitic Cloud
  1388 | D:2      | Found a shattered altar of Ashenzari.
  2194 | D:3      | Reached XP level 4. HP: 24/24 MP: 6/13
  2198 | D:3      | HP: 1/24 [orc wizard/puff of frost (12)]
  2198 | D:3      | Slain by an orc wizard

Illustrated notes

Levels and vault maps discovered:
D:1:      dpeg_arrival_rooms_with_view, layout_rooms
D:2:      layout_loops_ring, ashenzari_conservatory_becter
D:3:      layout_basic, marbit_many_paths, hangedman_abyss_or_decor_lesser_grid,
          nicolae_ru_awakened_eye

Skill      XL: |  1 |
---------------+----+-----
Spellcasting   | 5 |  5.9
Dodging        | |  2.6
Stealth        | |  2.7
Conjurations   | |  1.8
Summonings     | |  1.1
Translocations | |  1.1
Fire Magic     | |  0.7
Air Magic      | |  0.4
Poison Magic   | |  0.2

Action                   |  1- 3 |  4- 6 || total
-------------------------+-------+-------++-------
 Cast: Magic Dart        |   126 |     5 ||   131
  Eat: Chunk             |     3 |       ||     3
Armor: Robe              |     7 |       ||     7
Dodge: Dodged            |    18 |     2 ||    20
